 Dungeon Crawl Stone Soup version 0.29.0-4-gdea44cf6ec (webtiles) character file.

Game seed: 9544377183209315227

114 qw the Chopper (level 4, -1/26 HPs)
             Began as a Tengu Warper on Aug 28, 2022.
             Slain by a scorpion (6 damage)
             ... on level 4 of the Dungeon.
             The game lasted 00:00:20 (3703 turns).

qw the Chopper (Tengu Warper)                       Turns: 3703, Time: 00:00:20

Health: -1/26      AC:  5    Str: 13    XL:     4   Next: 97%
Magic:  8/8        EV: 11    Int: 13    God:
Gold:   166        SH:  0    Dex: 14    Spells: 7/7 levels left

rFire   . . .      SeeInvis .   Y - +1 hand axe
rCold   . . .      Faith    .   (no shield)
rNeg    . . .      Spirit   .   m - +0 ring mail
rPois   .          Reflect  .   (helmet restricted)
rElec   .          Harm     .   (no cloak)
rCorr   .          Rampage  .   (no gloves)
Will    .....                   (boots unavailable)
Stlth   +.........              (no amulet)
HPRegen 0.08/turn               (no ring)
MPRegen 0.11/turn               (no ring)

@: lethally poisoned (-1 -> -6)
A: beak, talons 3
a: no special abilities


You were on level 4 of the Dungeon.
You visited 1 branch of the dungeon, and saw 4 of its levels.

You collected 166 gold pieces.


Innate Abilities, Weirdness & Mutations

You have a beak for a mouth.
You have claws for feet.


   Skills:
 - Level 2.0 Fighting
 + Level 5.4 Axes
 - Level 1.0 Throwing
 - Level 1.1 Armour
 - Level 2.1 Dodging
 - Level 2.0 Spellcasting
 - Level 2.4 Translocations


You had 7 spell levels left.
You didn't know any spells.
Your spell library contained the following spells:

 Spells                   Type           Power      Damage    Failure   Level
 Blink                    Tloc           14%        N/A       30%         2
 Gell's Gravitas          Tloc           7%         N/A       52%         3
 Lesser Beckoning         Tloc           7%         N/A       52%         3
 Teleport Other           Tloc           7%         N/A       52%         3
 Manifold Assault         Tloc           7%         N/A       99%         5

Inventory:

Hand Weapons
 h - a +0 whip
 Y - a +1 hand axe (weapon)
Armour
 m - a +0 ring mail (worn)
Scrolls
 a - a scroll of teleportation
 g - a scroll of identify
Potions
 d - a potion of heal wounds
 f - a potion of mutation
 i - a potion of berserk rage {unknown}
 k - a potion of might {unknown}
 l - 2 potions of curing
 n - a potion of invisibility {unknown}

Dungeon Overview and Level Annotations

Branches:
Dungeon (4/15)
 Temple: D:4-7

Altars:
Kikubaaqudgha

Shops:
D:1 =


Message History

You drop a potion of lignification.
Done exploring.
(D) Dungeon
Where to? (* - list waypoints, Enter - D:3, ? - help)
What level of the Dungeon? (default 1, ? - help)
There is a stone staircase leading down here.
You climb downwards.
There is a stone staircase leading up here.
Existing waypoints: (1) D:2 (2) D:3 Assign waypoint to what number? (0-9, D - delete waypoint) Waypoint 1 re-assigned from D:2 to D:4.
Found Great Wizards, Vol.
VII.
A scorpion comes into view.
The scorpion is attracted toward you. The scorpion is attracted toward you.
You hit the scorpion. You peck the scorpion.
The scorpion is moderately wounded.
The scorpion stings you.
You hit the scorpion.
You claw the scorpion, but do no damage.
The scorpion is moderately wounded.
The scorpion stings you but does no damage.
You barely miss the scorpion. Your kick misses the scorpion.
The scorpion is moderately wounded.
The scorpion stings you.
You are poisoned.
The scorpion poisons you! The scorpion stings you.
You hit the scorpion. You claw the scorpion. You peck the scorpion.
The scorpion is severely wounded.
You feel very sick. The scorpion misses you.
You feel less attractive to monsters.
You barely miss the scorpion.
The scorpion is severely wounded.
You feel sick. The scorpion stings you.
You hit the scorpion but do no damage. Your kick misses the scorpion.
Your peck misses the scorpion.
The scorpion is severely wounded.
You feel sick. The scorpion stings you.
You die...

.. ... ....
.....#### #####
.......<###...#
#.............##
#....#######...#
.... ##..# ...
#.@# .# #..s#
##.... ##.....
##..... #:...
#... ..#


You could see a scorpion.

Vanquished Creatures
  A hound (D:3)
  An adder (D:3)
  A worm (D:2)
  A dart slug (D:3)
  An orc (D:3)
  5 ball pythons
  6 bats
  4 endoplasms
  4 giant cockroaches
  5 goblins
  7 hobgoblins
  9 kobolds
  5 quokkas
  5 frilled lizards
  9 rats
64 creatures vanquished.

Vanquished Creatures (others)
  A plant (D:1)
1 creature vanquished.

Grand Total: 65 creatures vanquished

Notes
Turn   | Place    | Note
-------+----------+-------------------------------------------
     0 | D:1      | qw the Tengu Warper began the quest for the Orb.
     0 | D:1      | Reached XP level 1. HP: 12/12 MP: 4/4
     0 | D:1      | 0 ||| qw: Version: 0.1-a-89-g26bdef1
     0 | D:1      | 0 ||| qw: Game counter: 1236
     0 | D:1      | 0 ||| qw: Always use a shield: true
     0 | D:1      | 0 ||| qw: God list: Okawaru
     0 | D:1      | 0 ||| qw: Allow faded altars: false
     0 | D:1      | 0 ||| qw: Do Orc after D:15 true
     0 | D:1      | 0 ||| qw: Do second Lair branch before Depths: true
     0 | D:1      | 0 ||| qw: Lair rune preference: random
     0 | D:1      | 0 ||| qw: Plans: Normal
     0 | D:1      | 0 ||| PLANNING D:1-11
   115 | D:1      | Reached XP level 2. HP: 12/17 MP: 6/6
   224 | D:1      | Reached skill level 3 in Axes
   426 | D:1      | Found a faded altar of an unknown god.
   427 | D:1      | 427 ||| Stepping ~*~*~tactically~*~*~ (stealth).
   431 | D:1      | 431 ||| Stepping ~*~*~tactically~*~*~ (stealth).
   435 | D:1      | 435 ||| Stepping ~*~*~tactically~*~*~ (stealth).
   441 | D:1      | 441 ||| Stepping ~*~*~tactically~*~*~ (stealth).
   444 | D:1      | 444 ||| DROPPING +0 club.
   663 | D:1      | HP: 3/17 [kobold/+0 short sword (4)]
  1004 | D:1      | Reached XP level 3. HP: 19/21 MP: 7/7
  1026 | D:1      | Found Kelokefyud's Jewellery Boutique.
  1034 | D:1      | 1034 ||| SHOPLISTING +4 ring of evasion (396 gold, have
                  | 27).
  1034 | D:1      | 1034 ||| SHOPLISTING +6 ring of strength (396 gold, have
                  | 27).
  1034 | D:1      | 1034 ||| SHOPLISTING ring of Juats {rElec rPois Int+6} (512
                  | gold, have 27).
  1034 | D:1      | 1034 ||| SHOPLISTING ring of fire (275 gold, have 27).
  1034 | D:1      | 1034 ||| SHOPLISTING ring of positive energy (220 gold,
                  | have 27).
  1034 | D:1      | 1034 ||| SHOPLISTING ring of see invisible (165 gold, have
                  | 27).
  1034 | D:1      | 1034 ||| SHOPLISTING ring of willpower (275 gold, have 27).
  1393 | D:1      | 1393 ||| READING 2 scrolls labelled ZUJA PUVOOQ.
  1396 | D:1      | 1396 ||| READING 4 scrolls labelled ZAMIOM OTOQEE.
  1397 | D:1      | 1397 ||| READING 3 scrolls of identify.
  1397 | D:1      | 1397 ||| IDENTIFYING bubbling purple potion
  1398 | D:1      | 1398 ||| READING 2 scrolls of identify.
  1398 | D:1      | 1398 ||| IDENTIFYING lumpy grey potion
  1399 | D:1      | 1399 ||| DROPPING scroll of blinking.
  1400 | D:1      | 1400 ||| DROPPING potion of brilliance.
  1433 | D:2      | Reached skill level 4 in Axes
  1759 | D:2      | 1759 ||| Stepping ~*~*~tactically~*~*~ (stealth).
  2066 | D:2      | 2066 ||| Stepping ~*~*~tactically~*~*~ (stealth).
  2190 | D:2      | Reached XP level 4. HP: 26/26 MP: 8/8
  2421 | D:2      | 2421 ||| READING scroll labelled GETWUH GOEF.
  2422 | D:2      | 2422 ||| READING scroll labelled SIUPNOM BAMPYW.
  2423 | D:2      | 2423 ||| READING scroll labelled DITOSE UNYITZU.
  2424 | D:2      | 2424 ||| READING scroll labelled HODIUM GURAHIPN.
  2425 | D:2      | 2425 ||| DRINKING 2 clear potions.
  2515 | D:3      | 2515 ||| Stepping ~*~*~tactically~*~*~ (hiding).
  2536 | D:3      | 2536 ||| Stepping ~*~*~tactically~*~*~ (stealth).
  2625 | D:3      | 2625 ||| Stepping ~*~*~tactically~*~*~ (hiding).
  2727 | D:3      | 2727 ||| Stepping ~*~*~tactically~*~*~ (hiding).
  3042 | D:3      | Reached skill level 5 in Axes
  3596 | D:3      | Found an ancient bone altar of Kikubaaqudgha.
  3657 | D:3      | 3657 ||| UPGRADING to +0 ring mail.
  3667 | D:3      | 3667 ||| DROPPING +0 leather armour.
  3668 | D:3      | 3668 ||| READING scroll labelled YPTODIP POUBA.
  3669 | D:3      | 3669 ||| DRINKING 2 fizzy puce potions.
  3670 | D:3      | 3670 ||| DRINKING 3 dark potions.
  3671 | D:3      | 3671 ||| READING 2 scrolls of identify.
  3671 | D:3      | 3671 ||| IDENTIFYING murky green potion
  3672 | D:3      | 3672 ||| DROPPING potion of attraction.
  3673 | D:3      | 3673 ||| DROPPING potion of lignification.
  3696 | D:4      | Noticed a scorpion
  3703 | D:4      | HP: 5/26 [poisoned by a scorpion]
  3703 | D:4      | Slain by a scorpion

Levels and vault maps discovered:
D:1:      heliophobic_arrival_enchanted_forest, layout_loops_ring,
          shapermc_ecumenical_altar_ellora, serial_shops, nicolae_shop_trees
D:2:      minmay_inner_zag, layout_basic, minmay_pentomino_x2
D:3:      layout_basic, old_standard_altar
D:4:      minmay_octagon_keep, layout_layer_cave, serial_shops,
          nicolae_shop_trees, minmay_bent, uniq_menkaure, uniq_ijyb, uniq_edmund

Skill      XL: |  1  2  3  4 |
---------------+-------------+-----
Axes           | 3 4 5 |  5.4
Fighting       | |  2.0
Throwing       | |  1.0
Armour         | |  1.1
Dodging        | |  2.1
Spellcasting   | |  2.0
Translocations | |  2.4

Action                   |  1- 3 |  4- 6 || total
-------------------------+-------+-------++-------
Melee: Hand axe          |   113 |    46 ||   159
       Peck              |    10 |    10 ||    20
       Kick              |    25 |     9 ||    34
       Punch             |     1 |       ||     1
Throw: Boomerang         |     7 |       ||     7
  Use: Scroll            |     4 |     6 ||    10
       Potion            |       |     3 ||     3
 Stab: Sleeping          |     1 |       ||     1
Armor: Leather armour    |    26 |    12 ||    38
       Ring mail         |       |     1 ||     1
Dodge: Dodged            |    55 |    24 ||    79

Table legend:
 A = Non-vault XP
 B = Vault XP
 C = Vault XP percentage of total XP
 D = Non-vault monster count
 E = Vault monster count
 F = Vault count percentage of total count
                 A         B        C        D         E       F
            +---------+---------+-------+---------+---------+-------
      Total |     152 |      11 |   6.7 |      57 |       7 |  10.9
            +---------+---------+-------+---------+---------+-------
        D:1 |      43 |       0 |   0.0 |      25 |       0 |   0.0
        D:2 |      33 |      11 |  25.0 |      19 |       7 |  26.9
        D:3 |      76 |       0 |   0.0 |      13 |       0 |   0.0
            +---------+---------+-------+---------+---------+-------
